 Dungeon Crawl Stone Soup version 0.29-a0-817-g9904bce7a6 (webtiles) character file.

Game seed: 8546970909715173103

2 blackman the Sneak (level 1, 0/18 HPs)
             Began as a Human Delver on July 5, 2022.
             Slain by a howler monkey (1 damage)
             ... on level 5 of the Dungeon.
             The game lasted 00:00:30 (169 turns).

blackman the Sneak (Human Delver)                    Turns: 169, Time: 00:00:30

Health: 0/18       AC:  3    Str: 12    XL:     1   Next: 33%
Magic:  1/1        EV: 12    Int: 10    God:
Gold:   0          SH:  0    Dex: 14    Spells: 0/0 levels left

rFire   . . .      SeeInvis .   a - +0 hand axe
rCold   . . .      Faith    .   (no shield)
rNeg    . . .      Spirit   .   b - +0 leather armour
rPois   .          Reflect  .   (no helmet)
rElec   .          Harm     .   (no cloak)
rCorr   .          Rampage  .   (no gloves)
Will    .....                   (no boots)
Stlth   +++.......              (no amulet)
HPRegen 0.06/turn               (no ring)
MPRegen 0.07/turn               (no ring)

@: hasted, very quick
A: no striking features
a: no special abilities


You were on level 5 of the Dungeon.
You visited 1 branch of the dungeon, and saw 1 of its levels.

Inventory:

Hand Weapons
 a - a +0 hand axe (weapon)
Missiles
 h - 5 poisoned darts (quivered)
Armour
 b - a +0 leather armour (worn)
Wands
 g - a wand of digging (3)
Scrolls
 c - a scroll of fog
 d - a scroll of magic mapping
 e - a scroll of fear
Potions
 i - a potion of resistance {unknown}
 j - 2 potions of curing {unknown}


   Skills:
 - Level 3.0 Fighting
 - Level 2.0 Axes
 - Level 2.0 Dodging
 - Level 5.0 Stealth
 + Level 0.6 Evocations


You couldn't memorise any spells.
You didn't know any spells.
Your spell library was empty.

Dungeon Overview and Level Annotations

Branches:
Dungeon (5/15)
 Temple: D:4-7

Altars:


Message History

You feel yourself speed up.
The giant cockroach completely misses you.
The howler monkey hoots and howls with incredible vigour!
You hear a shout! x8
You hit the giant cockroach.
The giant cockroach is lightly wounded.
The giant cockroach closely misses you.
You closely miss the howler monkey. You barely miss the giant cockroach.
The howler monkey misses you.
The giant cockroach bites you but does no damage.
You hit the howler monkey.
The howler monkey is lightly wounded.
You hit the giant cockroach but do no damage.
The howler monkey closely misses you. The giant cockroach bites you.
You closely miss the howler monkey.
The howler monkey is lightly wounded.
You hit the giant cockroach.
The giant cockroach splashes around in the water.
The howler monkey hits you.
You hit the howler monkey but do no damage.
The howler monkey is lightly wounded.
You hit the giant cockroach but do no damage.
The giant cockroach bites you but does no damage.
The howler monkey hits you.
You hit the howler monkey.
The howler monkey is heavily wounded.
You barely miss the giant cockroach. The howler monkey hits you.
* * * LOW HITPOINT WARNING * * *
The giant cockroach barely misses you.
You hit the howler monkey.
The howler monkey is severely wounded.
You hit the giant cockroach. The giant cockroach barely misses you.
The howler monkey hits you.
* * * LOW HITPOINT WARNING * * *
You barely miss the howler monkey.
The howler monkey is severely wounded.
You barely miss the giant cockroach.
The giant cockroach splashes around in the water.
The howler monkey hits you.
You die...

### #.#...... ..# #..$..... #
#.# ###.......#.#....#.
#####.. .....#
..#........#### .....# #..)#
...... ......#
#..#####...##..#.##.. #....##
#...........#.........#....##
#..###.####.h#.#.## ..#....##
#..# ### ##@....##.#.#....##
#..# +≈≈≈≈BB#.#####.#.#......
##.# +≈≈≈≈≈r#.# #.....##.##
#.# ###≈≈##+.#### #........
#.###.####......####...##.#.
#....[..........#.....>.#.#.
#######...........##.#..#.#.
#######.###.##....#.#.
#......###..#.#.


You could see a howler monkey, a quokka and 2 giant cockroaches.

Vanquished Creatures
  An orc (D:5)
1 creature vanquished.

Notes
Turn   | Place    | Note
-------+----------+-------------------------------------------
     0 | D:5      | blackman the Human Delver began the quest for the Orb.
     0 | D:5      | Reached XP level 1. HP: 18/18 MP: 1/1
   157 | D:5      | Noticed a howler monkey
   169 | D:5      | Slain by a howler monkey

Illustrated notes

Levels and vault maps discovered:
D:5:      layout_basic, minmay_temple_entry_statues_fountains,
          gup_sewer_entry_bowl, minmay_pentangle

Action                   || total
-------------------------++-------
Melee: Hand axe          ||    15
  Use: Potion            ||     1
 Stab: Sleeping          ||     1
Armor: Leather armour    ||     3
Dodge: Dodged            ||    10

Table legend: (Time is in decaauts)
 A = Elapsed time spent in this place.
 B = Non-inter-level travel time spent in this place.
 C = Inter-level travel time spent in this place.
 D = Time resting spent in this place.
 E = Time spent auto-exploring this place.
 F = Levels seen in this place.
 G = Mean time per level.
                   A        B        C        D        E       F      G
               +--------+--------+--------+--------+--------+-----+--------+
         Total |    169 |    156 |     13 |      0 |    127 |   1 |  169.0 |
       Dungeon |    169 |    156 |     13 |      0 |    127 |   1 |  169.0 |
               +--------+--------+--------+--------+--------+-----+--------+

Top non-repeatable levels by time:
     D:5: 169 daAuts
